 Dungeon Crawl Stone Soup version 0.24-a0-497-g5a03d68f59 (webtiles) character file.

Game seed: 8732760356513211017

391 KristoblXynda the Slasher (level 6, 0/53 HPs)
             Began as a Draconian Gladiator on July 13, 2019.
             Was a Follower of Cheibriados.
             Killed by divine providence
             ... invoked by an orc priest
              (9 damage)
             ... on level 4 of the Dungeon.
             The game lasted 00:05:01 (3591 turns).

KristoblXynda the Slasher (Draconian Gladiator)     Turns: 3591, Time: 00:05:03

Health: 0/53       AC:  6    Str: 18    XL:     6   Next: 50%
Magic:  6/6        EV: 14    Int: 12    God:    Cheibriados [*.....]
Gold:   143        SH:  0    Dex: 15    Spells: 5/5 levels left

rFire    . . .     SeeInvis .   a - +0 long sword
rCold    . . .     Gourm    .   (no shield)
rNeg     . . .     Faith    .   (armour unavailable)
rPois    .         Spirit   .   b - +0 hat
rElec    .         Reflect  .   (no cloak)
rCorr    .         Harm     .   (no gloves)
MR       +....                  (no boots)
Stlth    +.........             (no amulet)
HPRegen  0.17/turn              (no ring)
MPRegen  0.10/turn              e - ring of protection from magic

@: very slow
A: unfitting armour, cold-blooded, AC +6
a: Bend Time, Renounce Religion


You were on level 4 of the Dungeon.
You worshipped Cheibriados.
Cheibriados was aware of your devotion.
You were hungry.

You visited 1 branch of the dungeon, and saw 4 of its levels.

You collected 143 gold pieces.

Inventory:

Hand Weapons
 a - a +0 long sword (weapon)
Missiles
 c - a throwing net (quivered)
Armour
 b - a +0 hat (worn)
Jewellery
 e - a ring of protection from magic (right hand)
 j - an uncursed ring of ice
Scrolls
 f - 2 scrolls of remove curse {unknown}
 k - a scroll of random uselessness {unknown}
 l - a scroll of fog {unknown}
 m - a scroll of amnesia {unknown}
 p - 2 scrolls of magic mapping
 q - a scroll of teleportation
 s - 2 scrolls of enchant weapon {unknown}
Potions
 h - a potion of flight
 i - a potion of might
 o - a potion of haste {unknown}
Comestibles
 d - 3 rations


   Skills:
 - Level 4.3 Fighting
 * Level 4.9 Long Blades
 - Level 2.0 Throwing
 + Level 4.4 Dodging
 + Level 0.8 Invocations


You had 5 spell levels left.
You didn't know any spells.
Your spell library was empty.

Dungeon Overview and Level Annotations

Branches:
Dungeon (4/15)
 Temple: D:4-7

Altars:
Cheibriados
Dithmenos
Okawaru
Uskayaw
Wu Jian


Innate Abilities, Weirdness & Mutations

Your plain brown scales are hard. (AC +6)
You cannot fit into any form of body armour.
You are cold-blooded and may be slowed by cold attacks.


Message History

You throw a throwing net. The throwing net hits the orc priest.
The orc priest is caught in the net!
The orc barely misses you.
The orc priest struggles against the net.
You hit the orc priest but do no damage.
The orc closely misses you.
The orc priest calls down the wrath of Beogh upon you.
You resist with some effort.
The orc priest struggles against the net.
You catch the helpless orc priest completely off-guard!
You hit the orc priest.
The orc priest is lightly wounded.
The orc misses you.
You are feeling hungry.
You catch the helpless orc priest completely off-guard!
You slash the orc priest!
Your tail-slap misses the orc priest.
The orc priest is severely wounded.
The orc closely misses you.
The orc priest invokes the aid of Beogh against you.
Beogh smites you!
You die...

..##.....##............##......##
..##...(###............#.......#.
..#.....###..........###...#...#.
......................##..##.....
..........##..........#..##..#...
.#.......###.>............##....#
.#.....†..#.........#..........##
,#....†........o....##....###.##†
,###..#........o@..##...#####....
,....##........#[........##.....#
.....,.........####.......†......
.....,..........* #..............
................**#.............#
....,.#..##....,,,,..####........
...,*,*..#*#..,,,,,..#* #......##
,,,,*,*,,,,,,,,,,,,,,,**#........
,**,,,,,,,,,,,,,,,,,,,,..........


You could see an orc priest (caught) and an orc.

Vanquished Creatures
  Menkaure (D:4)
  A howler monkey (D:4)
  3 orc wizards
  2 orc priests
  4 adders
  An ooze (D:3)
  An adder skeleton (D:4)
  A dart slug (D:3)
  3 leopard geckos (D:4)
  8 orcs
  3 bats
  3 giant cockroaches
  8 hobgoblins
  2 quokkas
  5 frilled lizards
  A goblin (D:3)
  5 kobolds (D:3)
  11 rats
63 creatures vanquished.

Notes
Turn   | Place    | Note
-------+----------+-------------------------------------------
     0 | D:1      | KristoblXynda the Draconian Gladiator began the quest for
                  | the Orb.
     0 | D:1      | Reached XP level 1. HP: 17/17 MP: 1/1
   489 | D:1      | Reached XP level 2. HP: 22/24 MP: 2/2
  1066 | D:2      | Found a hide-covered altar of Uskayaw.
  1130 | D:2      | Found a shadowy altar of Dithmenos.
  1392 | D:3      | Reached XP level 3. HP: 28/30 MP: 3/3
  1872 | D:3      | Found an iron altar of Okawaru.
  2184 | D:3      | Found a snail-covered altar of Cheibriados.
  2211 | D:3      | Became a worshipper of Cheibriados the Contemplative
  2268 | D:3      | Reached XP level 4. HP: 38/38 MP: 4/4
  2470 | D:4      | Noticed Menkaure
  2978 | D:4      | Reached XP level 5. HP: 45/45 MP: 5/5
  3022 | D:4      | Found an ornate altar of the Wu Jian Council.
  3173 | D:4      | HP: 1/69 [Menkaure (4)]
  3175 | D:4      | Killed Menkaure
  3175 | D:4      | Reached XP level 6. HP: 13/53 MP: 6/6
  3505 | D:4      | Reached * piety under Cheibriados
  3591 | D:4      | Killed from afar by an orc priest

Levels and vault maps discovered:
D:1:      dpeg_arrival_ratfight, layout_loops_ring, minmay_misc_feat_nine_boxes,
          chequers_big_river, minmay_misc_feat_rugged,
          minmay_misc_feat_diagonals
D:2:      layout_rooms, lemuel_round_altar, grunt_dithmenos_smoke,
          serial_corexii_hall, chequers_hall_statues_wall_a,
          chequers_hall_statues_wall_a
D:3:      layout_basic, overflow_temple_1_default, cheibriados_altar_1
D:4:      layout_cave_pools, nicolae_overflow_crystal_walls, serial_shops, shop,
          uniq_menkaure

Skill      XL: |  1  2  3  4  5 |
---------------+----------------+-----
Throwing       | 2 |  2.0
Dodging        | 3 4 |  4.4
Fighting       | 3 4 |  4.3
Long Blades    | 4 |  4.9
Invocations    | |  0.8

Action                   |  1- 3 |  4- 6 || total
-------------------------+-------+-------++-------
Melee: Long sword        |    99 |    88 ||   187
       Tailslap          |     9 |    13 ||    22
Throw: Throwing net      |       |     2 ||     2
  Use: Scroll            |       |     6 ||     6
       Potion            |       |     2 ||     2
 Stab: Sleeping          |     2 |       ||     2
       Held in net/web   |       |     2 ||     2
  Eat: Chunk             |     3 |     2 ||     5
       Ration            |     1 |       ||     1
Armor: Skin              |    15 |    28 ||    43
Dodge: Dodged            |    78 |    71 ||   149
       Rpst.: Long sword |    26 |    17 ||    43

Table legend:
 A = Non-vault XP
 B = Vault XP
 C = Vault XP percentage of total XP
 D = Non-vault monster count
 E = Vault monster count
 F = Vault count percentage of total count
                 A         B        C        D         E       F
            +---------+---------+-------+---------+---------+-------
      Total |     382 |     177 |  31.7 |      57 |       6 |   9.5
            +---------+---------+-------+---------+---------+-------
        D:1 |      13 |       5 |  27.8 |       9 |       5 |  35.7
        D:2 |      19 |       0 |   0.0 |       4 |       0 |   0.0
        D:3 |     136 |       0 |   0.0 |      27 |       0 |   0.0
        D:4 |     214 |     172 |  44.6 |      17 |       1 |   5.6
            +---------+---------+-------+---------+---------+-------
